 Dungeon Crawl Stone Soup version 0.30-a0-883-g5ad918d77d (webtiles) character file.

Game seed: 12594004140666098325

159964 cforsyth the Warrior (level 17, -5/196 HPs)
             Began as an Ogre Fire Elementalist on Mar 16, 2023.
             Was a High Priest of Vehumet.
             Slain by Polyphemus (11 damage)
             ... on level 2 of the Shoals on Mar 17, 2023.
             The game lasted 02:01:13 (52379 turns).

cforsyth the Warrior (Ogre Fire Elementalist)      Turns: 52379, Time: 02:01:14

Health: -5/196     AC: 24    Str: 24    XL:     17   Next: 75%
Magic:  22/34      EV:  5    Int: 26    God:    Vehumet [*****.]
Gold:   3767       SH:  0    Dex:  9    Spells: 7/42 levels left

rFire   + + .      SeeInvis +    C - staff of fire
rCold   + . .      Faith    .    (no shield)
rNeg    . . .      Spirit   .    K - +2 gold dragon scales
rPois   +          Reflect  .    d - +1 hat {SInv}
rElec   .          Rampage  .    s - +0 cloak {Will+}
rCorr   .                        (gloves unavailable)
Will    ++...                    (boots unavailable) Stlth
                                 L - amulet of magic regeneration
HPRegen 0.52/turn                E - +6 ring of strength
MPRegen 0.64/turn                A - +6 ring of intelligence

@: no status effects
A: large, unfitting armour, tough skin 1, subdued magic 1
a: Renounce Religion


You were on level 2 of the Shoals.
You worshipped Vehumet.
Vehumet was extremely pleased with you.
You visited 6 branches of the dungeon, and saw 27 of its levels.
You also visited: Bailey, Gauntlet, Ice Cave and Volcano.

You collected 4158 gold pieces.
You spent 391 gold pieces at shops.

Inventory:

Hand Weapons
 o - the +10 hand axe of the Postmodern Dreams {flame, rF+ Will+ Dex+3}
   (You found it in an ice cave)

   Dex:       It affects your dexterity (+3).
   rF:        It protects you from fire.
   Will:      It increases your willpower.
 M - the +7 long sword "Lutioj" {flame, Dex+5 Stlth+}
   (You found it in a Gauntlet)

   Dex:       It affects your dexterity (+5).
   Stlth:     It makes you more stealthy.
Armour
 d - a +1 hat of see invisible (worn)
 j - a +0 cloak of cold resistance
 s - a +0 cloak of willpower (worn)
 K - +2 gold dragon scales (worn)
 N - a +2 kite shield
Magical Staves
 C - a staff of fire (weapon)
Jewellery
 f - a ring of ice
 u - a ring of see invisible
 z - a ring of wizardry
 A - a +6 ring of intelligence (right hand)
 E - a +6 ring of strength (left hand)
 G - an amulet of the acrobat
 L - an amulet of magic regeneration (around neck)
 R - a ring of flight
 W - the ring of Boisuh {rElec Dex+5 Slay+4}
   (You acquired it on level 13 of the Dungeon)

   [ring of slaying]

   Dex:       It affects your dexterity (+5).
   Slay:      It affects your accuracy & damage with ranged weapons and melee
   (+4).
   rElec:     It insulates you from electricity.
 X - a ring of wizardry
Wands
 a - a wand of quicksilver (7)
 x - a wand of paralysis (19)
 H - a wand of iceblast (6)
 P - a wand of mindburst (12)
 Q - a wand of digging (13)
 S - a wand of flame (29)
Scrolls
 g - 3 scrolls of vulnerability
 h - 2 scrolls of identify
 i - 3 scrolls of amnesia
 m - 2 scrolls of enchant weapon
 n - 3 scrolls of poison
 v - 8 scrolls of fog
 w - a scroll of silence
 y - 5 scrolls of immolation
 D - 2 scrolls of teleportation
 O - 2 scrolls of blinking
 U - 2 scrolls of torment
Potions
 b - 4 potions of magic
 c - 7 potions of haste
 e - 5 potions of heal wounds
 k - 10 potions of curing
 p - 2 potions of ambrosia
 q - 4 potions of might
 r - 4 potions of lignification
 B - 3 potions of mutation
 F - a potion of cancellation
 I - a potion of brilliance
 J - a potion of invisibility
 T - a potion of attraction
 V - 2 potions of flight
 Y - 2 potions of resistance {unknown}
 Z - a potion of berserk rage


   Skills:
 + Level 18.9 Fighting
 + Level 12.6 Armour
 - Level 9.3 Dodging
 - Level 4.4 Stealth
 - Level 13.2 Spellcasting
 - Level 11.0 Conjurations
 - Level 11.3 Fire Magic
 - Level 7.0 Air Magic


You had 7 spell levels left.
You knew the following spells:

 Your Spells              Type           Power      Damage    Failure   Level
a - Foxfire               Conj/Fire      100%       2x1d9     1%          1
b - Scorch                Fire           100%       2d10      1%          2
c - Flame Wave            Conj/Fire      72%        2d16      3%          4
d - Blink                 Tloc           26%        N/A       87%         2
e - Lesser Beckoning      Tloc           26%        N/A       87%         2
f - Teleport Other        Tloc           13%        N/A       98%         3
g - Airstrike             Air            20%        2d(3-19)  17%         4
h - Conjure Ball Lightni  Conj/Air       24%        3x3d7     69%         6
i - Starburst             Conj/Fire      36%        6d11      41%         6
j - Fireball              Conj/Fire      36%        3d15      9%          5

Your spell library contained the following spells:

 Spells                   Type           Power      Damage    Failure   Level
 Orb of Destruction       Conj           27%        9d9       92%         7
 Magic Dart               Conj           100%       1d8       1%          1
 Shock                    Conj/Air       100%       1d9       1%          1
 Searing Ray              Conj           100%       2d8       1%          2
 Momentum Strike          Conj/Tloc      70%        3d9       4%          2
 Kindle Blastsparks       Fire/Tloc/Air  100%       2d18      7%          3
 Mephitic Cloud           Conj/Pois/Air  37%        N/A       8%          3
 Hailstorm                Conj/Ice       35%        3d9       9%          3
 Inner Flame              Hex/Fire       52%        N/A       9%          3
 Swiftness                Air            41%        N/A       19%         3
 Freeze                   Ice            52%        1d6       28%         1
 Fulminant Prism          Conj/Hex       17%        3d10      28%         4
 Frozen Ramparts          Ice            26%        1d4       63%         3
 Call Imp                 Summ           13%        N/A       87%         2
 Call Canine Familiar     Summ           13%        N/A       98%         3
 Gell's Gravitas          Tloc           13%        N/A       98%         3
 Portal Projectile        Hex/Tloc       26%        N/A       98%         3
 Leda's Liquefaction      Hex/Erth       6%         N/A       100%        4
 Alistair's Intoxication  Tmut/Pois      8%         N/A       100%        5
 Summon Forest            Summ/Tloc      6%         N/A       100%        5
 Summon Mana Viper        Hex/Summ       13%        N/A       100%        5
 Simulacrum               Ice/Necr       6%         N/A       100%        6
 Summon Cactus Giant      Summ           6%         N/A       100%        6
 Ozocubu's Refrigeration  Ice            6%         4d8       100%        7


Dungeon Overview and Level Annotations

Branches:
Dungeon (15/15)            Temple (1/1) D:4            Lair (5/5) D:10
 Shoals (2/4) Lair:2       Spider (2/4) Lair:3        Slime (0/5) Lair:4
    Orc (2/2) D:9             Elf (0/3) Orc:2        Vaults (0/5) D:13
 Depths (0/4) D:15         Bailey (visited)           IceCv (visited)
Volcano (visited)         Gauntlet (visited)

Altars:
Ashenzari
Cheibriados
Dithmenos
Elyvilon
Fedhas
Gozag
Hepliaklqana
Kikubaaqudgha
Makhleb
Nemelex Xobeh
Okawaru
Qazlal
Ru
Sif Muna
Trog
Uskayaw
Vehumet
Wu Jian
Xom
Yredelemnul
Zin
The Shining One
Jiyva

Shops:
D:3 [   D:5 (   D:12 ?   Orc:2 [:?=(   Shoals:1 **

Annotations:
D:7 3 runed translucent doors, hgbash's ghost, novice GrEE
D:14 1 runed translucent door, LobsterGuardian's ghost, journeyman DsGl
D:15 3 runed translucent doors, Cophusiv's ghost, journeyman DsGl; Hiweh's ghost, journeyman DgCj
Shoals:2 Polyphemus
Spider:2 Arachne; Asterion


Innate Abilities, Weirdness & Mutations

You are too large for most types of armour.
You have tough skin. (AC +1)
Your spells are a little easier to cast, but a little less powerful.


Message History

Polyphemus is lightly wounded.
Polyphemus hits you! Polyphemus hits you!!
A wave of flame ripples out!
The flame wave engulfs Polyphemus!!
Polyphemus is burned terribly!
Polyphemus is moderately wounded.
Polyphemus is engulfed in a cloud of scalding steam.
Polyphemus hits you! Polyphemus hits you.
A wave of flame ripples out!
The flame wave engulfs Polyphemus!!
Polyphemus is burned terribly!
Polyphemus is heavily wounded.
You finish channelling waves of flame.
Polyphemus is engulfed in a cloud of scalding steam.
Polyphemus hits you!!
* * * LOW HITPOINT WARNING * * *
Polyphemus barely misses you.
Casting: Flame Wave (mildly dangerous; 3% risk of failure)
Confirm with . or Enter, or press ? or * to list all spells.
You feel a surge of power!
Flames lash Polyphemus.
Polyphemus is burned terribly!
Polyphemus is severely wounded.
Polyphemus hits you!!
* * * LOW HITPOINT WARNING * * *
Polyphemus hits you.
* * * LOW HITPOINT WARNING * * *
Casting: Scorch (safe; 1% risk of failure)
Confirm with . or Enter, or press ? or * to list all spells.
Casting: Flame Wave (mildly dangerous; 3% risk of failure)
Press: ? - help, Dir - look around, f - activate You feel a surge of power!
A wave of flame ripples out!
The flame wave engulfs Polyphemus.
Polyphemus is burned terribly!
Polyphemus is severely wounded. (Press . to intensify the flame waves.) Polyphemus hits you!
* * * LOW HITPOINT WARNING * * *
Polyphemus hits you but does no damage.
A wave of flame ripples out!
The flame wave engulfs Polyphemus!
Polyphemus is burned terribly!
Polyphemus is severely wounded.
Polyphemus hits you!
You die...

..~~~~~~~~≈≈≈≈≈≈≈≈≈≈≈
...~~~~~~~~~~~~≈≈≈≈≈~~~
...~~~.~~~~~~~~~~~~~~~~
.....~.<..~.~~~~~~~§~.~
##..........~~~~~§~§~. ~
##.....##..§.§§§§§§...~~
#......###.#..§§§.##..~~
..~...######..§§§.....~~
~~~~.)..# ##..C@......~
~~......# #..##......[
.......######..# .....##
......##.......# #...##
~~.~..........)###....#
~~≈≈≈~....~~.........##
~~≈≈≈~..#.~~~~Y......#
~~≈≈≈~..#.~~~)..Y...##
~~~~~~~...~~~~~.Y...#


You could see Polyphemus (combustible).

Vanquished Creatures
  2 frost giants (IceCv)
  A ghost moth (Spider:1)
  An orc warlord (Orc:1)
  A spark wasp (Spider:2)
  A white draconian (IceCv)
  A minotaur (Gauntlet)
  Snorg (D:14)
  Josephine (D:13)
  Harold (D:11)
  4 vault guards (D:13)
  4 hydras
  3 fire dragons
  6 catoblepae
  A jorogumo (Spider:1)
  A death knight (D:15)
  8 centaur warriors
  A merfolk avatar (Shoals:1)
  3 ogre magi (Orc:2)
  2 two-headed ogres
  5 ironbound frosthearts (IceCv)
  A merfolk aquamancer (Shoals:1)
  5 boulder beetles
  3 tengu warriors (D:12)
  22 death yaks
  An orc high priest (Bailey)
  3 sun demons (Volcano)
  3 skysharks
  13 skeletal warriors
  4 pharaoh ants
  2 sea snakes (Shoals:1)
  3 orb spiders
  2 spriggan simulacra (Spider:2)
  A steelbarb worm (Spider:2)
  5 orc knights
  5 harpies (Shoals:1)
  3 phantasmal warriors
  4 wolf spiders (Spider:1)
  An oklob plant (Gauntlet)
  A deep elf pyromancer (D:14)
  9 cyclopes
  9 orc sorcerers
  13 ugly things
  5 manticores
  2 moths of wrath (Spider:1)
  22 elephants
  A water nymph (Shoals:1)
  2 merfolk sirens
  A black mamba (Lair:1)
  3 smoke demons (Volcano)
  A guardian serpent (D:13)
  4 torpor snails
  4 demonic crawlers
  4 unseen horrors
  7 cane toads
  2 efreet
  5 komodo dragons
  2 yaktaurs
  4 kobold demonologists
  20 rime drakes
  3 tengu conjurers
  An anaconda simulacrum (Spider:2)
  A freezing wraith (D:15)
  8 trolls
  24 polar bears
  3 meliai (D:15)
  14 tarantellas
  7 merfolk
  2 hornets
  2 wind drakes (Shoals:1)
  6 blink frogs (Lair:3)
  2 snapping turtles (Shoals:1)
  2 centaur simulacra
  2 shadows
  5 culicivoras
  9 slime creatures
  15 jumping spiders
  A vampire (D:13)
  4 wyverns
  2 dire elephant simulacra (Spider:2)
  4 water elementals
  49 yaks
  5 wraiths
  A human (shapeshifter) (D:14)
  2 fire elementals
  17 vampire mosquitoes
  3 steam dragons
  30 redbacks
  2 harpy simulacra (Spider:2)
  2 wargs (Orc:1)
  2 hell hounds
  11 water moccasins
  3 acid dragons
  5 ice beasts (D:10)
  An alligator simulacrum (Spider:2)
  3 sky beasts
  23 orc warriors
  3 black bears
  7 ogres
  12 wolves
  4 boggarts (Lair:4)
  14 centaurs
  2 kobold brigands
  A gnoll sergeant (D:8)
  8 bullfrogs
  3 scorpions (D:6)
  3 wights (D:7)
  14 electric eels
  8 howler monkeys
  4 lava snakes (D:12)
  5 hounds
  8 orc priests
  14 jellies
  3 gnoll boudas
  Crazy Yiuf (D:4)
  A sleepcap (D:6)
  An iguana (D:7)
  35 orc wizards
  26 gnolls
  8 adders
  5 shadow imps
  2 white imps (D:6)
  4 ufetubi
  A worm (D:2)
  2 dart slugs
  93 orcs
  9 endoplasms
  3 giant cockroaches
  18 goblins
  25 hobgoblins
  19 kobolds
  4 quokkas
  3 ball pythons
  5 bats
  A frilled lizard (D:3)
  6 rats
  2 bushes (Lair:4)
913 creatures vanquished.

Vanquished Creatures (collateral kills)
  42 foxfires
42 creatures vanquished.

Vanquished Creatures (others)
  A water elemental (Shoals:1)
  A bush (Shoals:1)
  3406 foxfires
  39 fungi
  148 plants
3595 creatures vanquished.

Grand Total: 4550 creatures vanquished

Notes
Turn   | Place    | Note
-------+----------+-------------------------------------------
     0 | D:1      | cforsyth the Ogre Fire Elementalist began the quest for the
                  | Orb.
     0 | D:1      | Reached XP level 1. HP: 16/16 MP: 3/3
   147 | D:1      | Reached skill level 1 in Conjurations
   287 | D:1      | Reached XP level 2. HP: 24/24 MP: 1/5
  1048 | D:2      | Reached XP level 3. HP: 31/31 MP: 1/7
  2350 | D:3      | Reached XP level 4. HP: 35/39 MP: 2/8
  2825 | D:3      | Found a faded altar of an unknown god.
  3406 | D:3      | Found Dunotur's Antique Armour Shoppe.
  3551 | D:4      | Noticed a black bear
  3560 | D:4      | Killed a black bear
  3561 | D:4      | Reached XP level 5. HP: 45/45 MP: 1/10
  3657 | D:4      | Found a staircase to the Ecumenical Temple.
  3688 | Temple   | Entered the Ecumenical Temple
  4041 | D:4      | Learned a level 2 spell: Scorch
  4430 | D:4      | Noticed a black bear
  4432 | D:4      | Reached XP level 6. HP: 53/53 MP: 6/11
  4462 | D:4      | Killed a black bear
  5066 | D:4      | Found a runed translucent door.
  5067 | D:4      | Noticed Crazy Yiuf
  5086 | D:4      | Killed Crazy Yiuf
  5298 | D:5      | Entered Level 5 of the Dungeon
  5373 | D:3      | Bought a crude robe for 148 gold pieces
  5373 | D:3      | Identified the +1 robe "Ydesch" {rCorr Str+4 Int+5} (You
                  | bought it in a shop on level 3 of the Dungeon)
  5773 | D:5      | Reached XP level 7. HP: 59/59 MP: 9/13
  5802 | D:5      | Found Vesh's Weapon Shoppe.
  7806 | D:6      | Noticed a troll
  7812 | D:6      | Killed a troll
  7813 | D:6      | Reached skill level 5 in Spellcasting
  7813 | D:6      | Reached XP level 8. HP: 67/67 MP: 7/15
  8212 | D:6      | Found a radiant altar of Vehumet.
  8393 | D:6      | Became a worshipper of Vehumet
  8428 | D:6      | Reached skill level 5 in Fire Magic
  8558 | D:6      | Learned a level 4 spell: Flame Wave
  9016 | D:7      | Reached XP level 9. HP: 74/74 MP: 8/18
  9208 | D:7      | Reached skill level 5 in Dodging
  9250 | D:7      | Found a runed translucent gate.
  9250 | D:7      | Found a runed translucent gate.
  9250 | D:7      | Found a runed translucent gate.
  9253 | D:7      | Noticed hgbash's ghost (novice GrEE)
  9255 | D:7      | Noticed a kobold demonologist
  9948 | D:7      | Reached skill level 5 in Conjurations
 10291 | D:8      | Found a broken altar of Ashenzari.
 10391 | D:8      | Reached * piety under Vehumet
 10391 | D:8      | Offered knowledge of Freeze by Vehumet.
 10474 | D:8      | Noticed a kobold demonologist
 10487 | D:8      | Killed a kobold demonologist
 10594 | D:8      | Identified the +2 short sword of Otuil {heavy, Dex+4}
 11386 | D:9      | Noticed a two-headed ogre
 11397 | D:9      | Killed a two-headed ogre
 11398 | D:9      | Reached XP level 10. HP: 60/81 MP: 11/21
 11540 | D:9      | Offered knowledge of Magic Dart by Vehumet.
 11864 | D:9      | Reached ** piety under Vehumet
 12517 | D:9      | Paralysed by a hornet for 2 turns
 12736 | D:9      | Identified the +1 pair of gloves of Plog {rC+ Regen+}
 12894 | D:9      | Found a staircase to the Orcish Mines.
 12977 | D:10     | Entered Level 10 of the Dungeon
 12988 | D:10     | Found a flagged portal.
 13066 | Bailey   | Entered a bailey
 13070 | Bailey   | Learned a level 2 spell: Blink
 13073 | Bailey   | Learned a level 2 spell: Lesser Beckoning
 13077 | Bailey   | Learned a level 3 spell: Teleport Other
 13866 | Bailey   | Noticed a kobold demonologist
 13878 | Bailey   | Killed a kobold demonologist
 13879 | Bailey   | Noticed an orc knight
 13921 | Bailey   | Killed an orc knight
 13921 | Bailey   | Offered knowledge of Frozen Ramparts by Vehumet.
 13922 | Bailey   | Reached XP level 11. HP: 33/88 MP: 3/23
 14132 | Bailey   | Found an iron altar of Okawaru.
 14132 | Bailey   | Noticed an orc high priest
 14374 | Bailey   | Identified the +6 hand axe of the Endless Expanse {venom,
                  | Int+3}
 14591 | Bailey   | Killed an orc high priest
 14885 | Bailey   | Noticed an orc knight
 14940 | Bailey   | Killed an orc knight
 15720 | D:10     | Found a white marble altar of Elyvilon.
 15722 | D:10     | Found a shimmering altar of Xom.
 15740 | D:10     | Acquired 765 gold pieces
 15746 | D:10     | Found a shimmering blue altar of Sif Muna.
 15749 | D:10     | Found a blossoming altar of Fedhas.
 15749 | D:10     | Found an ancient bone altar of Kikubaaqudgha.
 15756 | D:10     | Found a sparkling altar of Nemelex Xobeh.
 15757 | D:10     | Found a burning altar of Makhleb.
 15840 | D:10     | Reached *** piety under Vehumet
 16271 | D:10     | Found a staircase to the Lair.
 16646 | D:10     | Found a glowing silver altar of Zin.
 17027 | D:11     | Noticed Harold
 17184 | D:11     | Identified the +1 pair of boots "Buagriest" {+Blink rPois
                  | Regen+ SInv}
 17199 | D:11     | Offered knowledge of Airstrike by Vehumet.
 17246 | D:11     | Noticed a boulder beetle
 17382 | D:11     | Reached skill level 10 in Spellcasting
 17462 | D:11     | Killed Harold
 18117 | D:11     | Noticed a manticore
 18123 | D:11     | Killed a manticore
 18276 | D:11     | Killed a boulder beetle
 18392 | D:11     | Noticed a two-headed ogre
 18397 | D:11     | Killed a two-headed ogre
 18398 | D:11     | Reached XP level 12. HP: 96/96 MP: 21/26
 18649 | D:12     | Noticed a tengu warrior
 18654 | D:12     | Noticed a tengu warrior
 18656 | D:12     | Killed a tengu warrior
 18826 | D:12     | Found Kiujaed's Magic Scroll Boutique.
 18962 | D:12     | Killed a tengu warrior
 19704 | D:12     | Learned a level 4 spell: Airstrike
 19911 | D:12     | Reached **** piety under Vehumet
 19979 | D:12     | Noticed a centaur warrior
 19985 | D:12     | Noticed a five-headed hydra
 19987 | D:12     | Killed a centaur warrior
 20270 | D:12     | Killed a five-headed hydra
 20271 | D:12     | Reached skill level 1 in Fighting
 20281 | D:12     | Reached skill level 1 in Armour
 20281 | D:12     | Reached skill level 1 in Air Magic
 20910 | D:12     | Reached skill level 2 in Fighting
 20968 | D:12     | Noticed a tengu warrior
 20982 | D:12     | Offered knowledge of Freezing Cloud by Vehumet.
 21026 | D:12     | Killed a tengu warrior
 21030 | D:12     | Noticed a crystal guardian
 21307 | D:12     | Noticed a boulder beetle
 21325 | D:12     | Killed a boulder beetle
 21519 | D:12     | Reached skill level 3 in Fighting
 21761 | Lair:1   | Entered Level 1 of the Lair of Beasts
 22154 | Lair:1   | Reached XP level 13. HP: 105/113 MP: 15/28
 22388 | Lair:1   | Reached skill level 10 in Fire Magic
 22391 | Lair:1   | Reached skill level 4 in Fighting
 22828 | Lair:1   | You fall into a shaft and drop 1 floor!
 23459 | Lair:2   | Found a staircase to the Shoals.
 23787 | Lair:2   | Reached skill level 5 in Fighting
 24314 | Lair:3   | Reached ***** piety under Vehumet
 24540 | Lair:3   | Offered knowledge of Lightning Bolt by Vehumet.
 24541 | Lair:3   | Reached skill level 10 in Conjurations
 25252 | Lair:3   | Found a hole to the Spider Nest.
 25614 | Lair:4   | Found a staircase to the Slime Pits.
 25654 | Lair:4   | Found a viscous altar of Jiyva.
 25731 | Lair:4   | Found a dark tunnel.
 25761 | Volcano  | Entered a volcano
 25942 | Volcano  | Reached skill level 6 in Fighting
 26458 | Volcano  | Noticed a fire dragon
 26471 | Volcano  | Killed a fire dragon
 26624 | Volcano  | Identified the +3 pair of boots of the Echidna {Fly rN+}
 26750 | Lair:4   | Reached skill level 7 in Fighting
 27081 | Lair:4   | Reached skill level 5 in Air Magic
 27131 | Lair:3   | Reached XP level 14. HP: 133/135 MP: 14/30
 27479 | Lair:4   | Got the Papyrus of Blight and the Entourage
 27973 | Lair:5   | Entered Level 5 of the Lair of Beasts
 27992 | Lair:5   | Reached skill level 8 in Fighting
 27992 | Lair:5   | Reached skill level 5 in Armour
 28257 | Lair:4   | Reached skill level 9 in Fighting
 29187 | Lair:5   | Reached skill level 10 in Fighting
 29905 | Lair:5   | Reached skill level 11 in Fighting
 30720 | Lair:5   | Reached skill level 12 in Fighting
 31280 | Lair:5   | Reached XP level 15. HP: 158/158 MP: 18/31
 31907 | Orc:1    | Entered Level 1 of the Orcish Mines
 31928 | Orc:1    | Noticed an orc warlord
 31955 | Orc:1    | Killed an orc warlord
 31956 | Orc:1    | Reached skill level 13 in Fighting
 32491 | Orc:1    | Offered knowledge of Conjure Ball Lightning by Vehumet.
 33346 | Orc:2    | Entered Level 2 of the Orcish Mines
 33861 | Orc:2    | Found a staircase to the Elven Halls.
 34068 | Orc:2    | Found Yruwaoch's Antique Weapon Boutique.
 34131 | Orc:2    | Learned a level 6 spell: Conjure Ball Lightning
 34705 | Orc:2    | Found Fowkiu Cuzy's Book Shop.
 34734 | Orc:2    | Found a radiant altar of Vehumet.
 34745 | Orc:2    | Paralysed by something for 3 turns
 34807 | Orc:2    | Found Doshybbu's Magic Scroll Shop.
 35017 | Orc:2    | Paralysed by an orc sorcerer for 4 turns
 35116 | Orc:2    | Bought a scroll of blinking for 82 gold pieces
 35121 | Orc:2    | Found an ancient bone altar of Kikubaaqudgha.
 35217 | Orc:2    | Found Taummosiw's Antique Armour Boutique.
 35225 | Orc:2    | Bought an embroidered hat for 161 gold pieces
 35253 | Orc:2    | Found Hedgheuxo's Jewellery Boutique.
 35758 | D:13     | Acquired the ring of Boisuh {rElec Dex+5 Slay+4}
 35779 | D:13     | Noticed Josephine
 35795 | D:13     | Killed Josephine
 35806 | D:13     | Offered knowledge of Starburst by Vehumet.
 35841 | D:13     | Found a gate to the Vaults.
 35927 | D:13     | Found a gate leading to a gauntlet.
 35931 | Gauntlet | Entered a Gauntlet
 35931 | Gauntlet | Found a transporter.
 36154 | Gauntlet | Found a transporter.
 36159 | Gauntlet | Found a runed translucent door.
 36161 | Gauntlet | Found a runed translucent door.
 36164 | Gauntlet | Found a transporter.
 36167 | Gauntlet | Found a transporter.
 36176 | Gauntlet | Found a transporter.
 36194 | Gauntlet | Found a transporter.
 36205 | Gauntlet | Found a transporter.
 36217 | Gauntlet | Found a transporter.
 36227 | Gauntlet | Found a runed translucent door.
 36229 | Gauntlet | Found a runed translucent door.
 36231 | Gauntlet | Found a transporter.
 36231 | Gauntlet | Found a transporter.
 36245 | Gauntlet | Found a transporter.
 36256 | Gauntlet | Found a transporter.
 36257 | Gauntlet | Found a transporter.
 36259 | Gauntlet | Found a transporter.
 36970 | Gauntlet | Identified the +7 long sword "Lutioj" {flame, Dex+5 Stlth+}
 36971 | Gauntlet | Identified the ring "Kaocvokh" {+Blink Int+6}
 37246 | Gauntlet | Identified the ring "Udghips" {Ice Will- Int+5}
 37257 | Gauntlet | Reached skill level 14 in Fighting
 37890 | D:13     | Found the +3 pair of seven-league boots {Rampage+∞}
 38484 | D:13     | Reached XP level 16. HP: 155/172 MP: 23/33
 39563 | D:13     | Found a gate to the Vaults.
 40423 | D:14     | Found a white marble altar of Elyvilon.
 40572 | D:14     | Noticed Snorg
 40581 | D:14     | Killed Snorg
 40801 | D:14     | Learned a level 6 spell: Starburst
 40829 | D:14     | Found a runed translucent door.
 41093 | D:14     | Noticed LobsterGuardian's ghost (journeyman DsGl)
 41559 | D:15     | Entered Level 15 of the Dungeon
 41630 | D:15     | Reached skill level 15 in Fighting
 41711 | D:15     | Reached skill level 10 in Armour
 41802 | D:15     | Offered knowledge of Fireball by Vehumet.
 41809 | D:15     | Learned a level 5 spell: Fireball
 42235 | D:15     | Found a runed translucent gate.
 42236 | D:15     | Found a runed translucent gate.
 42237 | D:15     | Found a runed translucent gate.
 42249 | D:15     | Noticed Hiweh's ghost (journeyman DgCj)
 42251 | D:15     | Noticed Cophusiv's ghost (journeyman DsGl)
 43016 | D:15     | Found a staircase to the Depths.
 43062 | D:15     | Found a bloodstained altar of Trog.
 43161 | D:15     | Found a sparkling altar of Nemelex Xobeh.
 43514 | Spider:1 | Entered Level 1 of the Spider Nest
 44766 | Spider:1 | Reached skill level 16 in Fighting
 45682 | Spider:2 | Noticed Asterion
 45886 | Spider:2 | Noticed Arachne
 45914 | Spider:2 | Found a frozen archway.
 45926 | Spider:2 | Offered knowledge of Ozocubu's Refrigeration by Vehumet.
 45927 | Spider:2 | Reached XP level 17. HP: 74/189 MP: 31/34
 45936 | IceCv    | Entered an ice cave
 46335 | IceCv    | Reached skill level 17 in Fighting
 46650 | IceCv    | Identified the +10 hand axe of the Postmodern Dreams
                  | {flame, rF+ Will+ Dex+3}
 47128 | IceCv    | Identified the +2 lajatang of Ambiguity {speed, rPois
                  | Will+}
 47729 | IceCv    | Reached skill level 18 in Fighting
 49051 | IceCv    | Found the +18 Lear's hauberk
 49062 | IceCv    | Got Purchikk's Volume of Cryomancy
 49142 | Spider:2 | Gained mutation: Your spells are a little easier to cast,
                  | but a little less powerful. [a cacodemon]
 50169 | Shoals:1 | Entered Level 1 of the Shoals
 50328 | Shoals:1 | Offered knowledge of Orb of Destruction by Vehumet.
 50587 | Shoals:1 | Found Josmisk's General Store.
 50590 | Shoals:1 | Found Wuloy's Specific Store.
 51507 | Shoals:1 | Found a glowing golden altar of the Shining One.
 52052 | Shoals:2 | Noticed Polyphemus
 52378 | Shoals:2 | HP: 6/196 [Polyphemus (14)]
 52379 | Shoals:2 | Slain by Polyphemus

Illustrated notes

Levels and vault maps discovered:
D:1:      pf_arrival_petrified_forest, layout_basic
D:2:      layout_basic, serial_forest, infiniplex_forest_straight_1,
          infiniplex_forest_clump_double, infiniplex_forest_zigzag_1,
          infiniplex_forest_clump_C, infiniplex_forest_lined_3,
          infiniplex_forest_clump_tiny
D:3:      layout_basic, shapermc_ecumenical_altar_mp_vishouse, serial_shops,
          shop
D:4:      layout_basic, minmay_temple_entry_junction, minmay_crystal_room,
          dk_rats_in_the_wall, uniq_crazy_yiuf_cottage
D:5:      layout_layer_cave, serial_shops, shop, sigmund_army
D:6:      layout_loops_cross, vehumet_crystals, serial_park_tiny_1,
          lightli_orcish_oven
D:7:      layout_gridville, gammafunk_ghost_nasty_kobolds
D:8:      layout_rooms, evilmike_ruin_ashenzari, grunt_ministairs_14
D:9:      layout_rooms, david_orc_4, chequers_arboretum, minmay_orc_keep
D:10:     layout_basic, zin_statuary, nicolae_overflow_hallway_of_the_gods,
          hellmonk_lair_entry_icy, serial_co_window_serial, co_window_paths_b,
          co_window_corner_a, co_window_corner_a, co_window_of_opportunity_a,
          co_window_paths_a, co_window_paths_c, co_window_corner_b,
          co_window_2corner, co_window_paths_c, co_window_2corner,
          glass_columns_a, glass_columns_b, glass_columns_a, enter_bailey_6
D:11:     layout_basic, uniq_harold
D:12:     kennysheep_four_of_diamonds, layout_irregular_city, serial_shops,
          nicolae_shop_stone, minmay_holes, minmay_statues_item
D:13:     layout_grid_maze, lightli_vaults_fourway_checkpoint,
          gauntlet_entry_generic, serial_bayou, serial_bayou_lake_a,
          serial_bayou_lagoon_a, serial_bayou_pond_d, serial_bayou_crossing,
          hellmonk_guarded_unrand_seven_league_boots, uniq_josephine
D:14:     layout_basic, nicolae_elyvilon_peaceful_grove,
          ebering_ghost_inner_flame, uniq_snorg
D:15:     grunt_enter_depths_hoard, layout_basic, gammafunk_ghost_cemetery,
          bloody_trog, nemelex_spade_bored_becter
Temple:   nicolae_temple_slightly_damp_pantheon
Lair:1:   layout_cave_pods
Lair:2:   layout_hall_layers, minmay_shoals_entry_centaurs,
          grunt_forest_small_clearing_treed, serial_bayou_shore_b,
          lemuel_fruit_fields, serial_bayou_shore_b
Lair:3:   layout_chaotic_city, spider_nest_entry_web_field, lemuel_fruit_tree,
          grunt_megastairs_2
Lair:4:   layout_regular_city, minmay_slime_entry_jelly_boxes,
          nicolae_volcano_entry_two_sided, kilobyte_rumbling_trees
Lair:5:   evilmike_catoblepas_cave, layout_regular_city, fungi_pond_lemuel,
          st_stairs_6, serial_bayou_shore_a
Shoals:1: layout_shoals, nicolae_specific_store, lemuel_altar_in_water,
          yaktaur_hedge
Shoals:2: layout_shoals, nicolae_shop_dragon_depot, uniq_polyphemus
Spider:1: nicolae_spider_mines_3, nicolae_spider_spiderdrome
Spider:2: layout_chambers, portal_ice_cave_entry_ice_simulacra, uniq_arachne,
          uniq_asterion, uniq_roxanne, uniq_frances
Orc:1:    cheibrodos_orc_bank, layout_caves, nicolae_orc_lava_room
Orc:2:    kennysheep_orc_mage_school, layout_caves, serial_shops,
          nicolae_square_shop

Skill      XL: |  1  2  3  4  5  6  7  8  9 10 11 12 13 14 15 16 17 |
---------------+----------------------------------------------------+-----
Conjurations   | 1 2 3 4 6 7 8 9 10 11 | 11.0
Dodging        | 2 3 4 6 7 8 9 |  9.3
Fire Magic     | 3 4 5 6 7 9 10 11 | 11.3
Stealth        | 2 3 4 |  4.4
Spellcasting   | 3 4 5 6 7 8 10 11 12 13 | 13.2
Fighting       | 3 7 12 14 16 18 | 18.9
Armour         | 2 4 8 9 11 12 | 12.6
Air Magic      | 2 5 7 |  7.0

Action                     |  1- 3 |  4- 6 |  7- 9 | 10-12 | 13-15 | 16-18 || total
---------------------------+-------+-------+-------+-------+-------+-------++-------
  Melee: Unarmed           |     6 |     6 |       |       |       |       ||    12
         Staff             |       |       |       |    19 |    11 |     3 ||    33
   Cast: Foxfire           |   104 |   126 |   357 |   443 |   733 |   162 ||  1925
         Scorch            |       |    10 |    17 |    99 |   145 |   183 ||   454
         Flame Wave        |       |       |     3 |    42 |   123 |   158 ||   326
         Airstrike         |       |       |       |    12 |    49 |    16 ||    77
         Blink             |       |       |       |       |     2 |       ||     2
         Fireball          |       |       |       |       |       |     5 ||     5
  Evoke: Wand              |       |       |       |     3 |    10 |    15 ||    28
    Use: Scroll            |       |       |       |    27 |     9 |    16 ||    52
         Potion            |       |       |       |       |     3 |    10 ||    13
 Armour: Robe              |     9 |    18 |    17 |     5 |       |       ||    49
         Swamp dragon scal |       |       |       |    45 |   113 |       ||   158
         Gold dragon scale |       |       |       |       |   161 |   601 ||   762
  Dodge: Dodged            |    15 |    21 |    33 |   115 |   388 |   276 ||   848

Table legend: (Time is in decaauts)
 A = Elapsed time spent in this place.
 B = Non-inter-level travel time spent in this place.
 C = Inter-level travel time spent in this place.
 D = Time resting spent in this place.
 E = Time spent auto-exploring this place.
 F = Levels seen in this place.
 G = Mean time per level.
                   A        B        C        D        E       F      G
               +--------+--------+--------+--------+--------+-----+--------+
         Total |  52466 |  50216 |   2250 |  11517 |  29674 |  31 | 1692.5 |
       Dungeon |  26083 |  24705 |   1378 |   4361 |  16443 |  15 | 1738.9 |
        Temple |    247 |    233 |     14 |      0 |    190 |   1 |  247.0 |
          Lair |  10064 |   9635 |    429 |   3106 |   4966 |   5 | 2012.8 |
        Shoals |   1899 |   1869 |     30 |    525 |    991 |   2 |  949.5 |
   Spider Nest |   2658 |   2389 |    269 |    168 |   1691 |   2 | 1329.0 |
  Orcish Mines |   3567 |   3439 |    128 |      0 |   2769 |   2 | 1783.5 |
        Bailey |   2466 |   2466 |      0 |   1054 |    780 |   1 | 2466.0 |
      Ice Cave |   3202 |   3202 |      0 |   1237 |   1219 |   1 | 3202.0 |
       Volcano |    927 |    927 |      0 |    582 |    196 |   1 |  927.0 |
      Gauntlet |   1349 |   1349 |      0 |    484 |    429 |   1 | 1349.0 |
               +--------+--------+--------+--------+--------+-----+--------+

Top non-repeatable levels by time:
    D:12: 3367 daAuts
   IceCv: 3202 daAuts
    D:13: 2997 daAuts
  Lair:4: 2681 daAuts
  Lair:5: 2553 daAuts
  Bailey: 2466 daAuts
Spider:1: 2403 daAuts
    D:10: 2145 daAuts
     D:5: 2126 daAuts
   Orc:2: 2055 daAuts
  Lair:2: 2050 daAuts
    D:15: 1819 daAuts
     D:9: 1781 daAuts
Shoals:1: 1764 daAuts
     D:2: 1748 daAuts
